 Dungeon Crawl Stone Soup version 0.27-a0-951-gae3e1deef5 (webtiles) character file.

Game seed: 11844234815981883199

9 Alarkh the Insei (level 2, -4/21 HPs)
             Began as a Demonspawn Transmuter on Apr 11, 2021.
             Slain by a kobold
             ... wielding a +1 vampiric short sword
              (5 damage)
             ... on level 1 of the Dungeon.
             The game lasted 00:00:31 (339 turns).

Alarkh the Insei (Demonspawn Transmuter)             Turns: 339, Time: 00:00:32

Health: -4/21      AC:  2    Str: 10    XL:     2   Next: 6%
Magic:  3/5        EV: 12    Int: 14    God:
Gold:   12         SH:  0    Dex: 13    Spells: 4/5 levels left

rFire    . . .     SeeInvis .     - Unarmed
rCold    . . .     Faith    .   (no shield)
rNeg     . . .     Spirit   .   a - +0 robe
rPois    .         Reflect  .   (no helmet)
rElec    .         Harm     .   (no cloak)
rCorr    .         Rampage  .   (no gloves)
Will     .....                  (no boots)
Stlth    +.........             (no amulet)
HPRegen  0.07/turn              (no ring)
MPRegen  0.09/turn              (no ring)

@: lethally poisoned (-4 -> -5)
A: powered by death 1
a: no special abilities


You were on level 1 of the Dungeon.
You visited 1 branch of the dungeon, and saw 1 of its levels.

You collected 12 gold pieces.

Inventory:

Armour
 a - a +0 robe (worn)
Magical Staves
 d - a staff of air
Scrolls
 b - a scroll of noise {unknown}
 e - a scroll of silence {unknown}
 f - 2 scrolls of identify {unknown}


   Skills:
 + Level 1.2 Fighting
 - Level 1.7 Dodging
 * Level 2.9 Unarmed Combat
 + Level 2.1 Spellcasting
 + Level 2.0 Transmutations


You had 4 spell levels left.
You knew the following spells:

 Your Spells              Type           Power      Damage    Failure   Level
a - Beastly Appendage     Tmut           14%        N/A       11%         1

Your spell library contained the following spells:

 Spells                   Type           Power      Damage    Failure   Level
 Wereblood                Tmut           7%         N/A       16%         2
 Spider Form              Tmut/Pois      2%         N/A       43%         3
 Ice Form                 Ice/Tmut       4%         N/A       83%         4
 Hydra Form               Tmut           3%         N/A       96%         5


Dungeon Overview and Level Annotations

Branches:
Dungeon (1/15)

Altars:


Innate Abilities, Weirdness & Mutations

You regenerate a little health from kills.


Message History

Unknown command.
Casting: Beastly Appendage (safe; 11% risk of failure)
Confirm with . or Enter, or press ? or * to list all spells.
You fail to extend your transformation any further.
An endoplasm comes into view.
Unknown command.
You closely miss the goblin.
The endoplasm quivers.
Your kick misses the goblin. The goblin closely misses you.
You barely miss the goblin. You claw the goblin.
You kill the goblin!
The kobold throws a poisoned dart.
The poisoned dart hits you!
You are poisoned.
Your Transmutations skill increases to level 2!
You feel sick.
The kobold hits you with a +1 vampiric short sword.
The frilled lizard misses you.
Things that are here:
a +0 club; a goblin corpse You feel sick.
It was a potion of haste.
You feel yourself speed up.
You feel sick. The kobold barely misses you.
You closely miss the kobold.
You feel sick.
The kobold hits you with a +1 vampiric short sword!
You closely miss the kobold. Your kick misses the kobold.
You feel sick.
You closely miss the kobold. Your kick misses the kobold.
Your headbutt misses the kobold.
The kobold hits you with a +1 vampiric short sword.
* * * LOW HITPOINT WARNING * * *
It was a potion of cancellation.
Your magical effects are unravelling.
You feel magically purged.
Your horns disappear.
Your talons disappear.
You feel yourself slow down.
* * * LOW HITPOINT WARNING * * *
You feel sick.
You hit the kobold but do no damage.
* * * LOW HITPOINT WARNING * * *
You feel sick.
The kobold hits you with a +1 vampiric short sword.
You die...

#.# .K. #.#
#####+###.# #
#.......#.#..#
#.......'.l..#
#.......#?#.##
######J.##.#...
#...@Kl.##.#
###
#.####..##.# #
###.##.#
#.#....#
###.###.##
+..<..'.#
#######.#######
#.............#
####.#####.####


You could see an endoplasm, a kobold and a frilled lizard.

Vanquished Creatures
  A dart slug (D:1)
  2 endoplasms (D:1)
  A goblin (D:1)
  A kobold (D:1)
  A frilled lizard (D:1)
  A rat (D:1)
7 creatures vanquished.

Notes
Turn   | Place    | Note
-------+----------+-------------------------------------------
     0 | D:1      | Alarkh the Demonspawn Transmuter began the quest for the
                  | Orb.
     0 | D:1      | Reached XP level 1. HP: 15/15 MP: 3/3
   227 | D:1      | Gained mutation: You regenerate a little health from kills.
                  | [demonic ancestry]
   227 | D:1      | Reached XP level 2. HP: 14/21 MP: 3/5
   339 | D:1      | HP: 1/21 [poisoned by a kobold]
   339 | D:1      | Slain by a kobold

Illustrated notes

Levels and vault maps discovered:
D:1:      shiori_shiawase, layout_basic

Skill      XL: |  1  2 |
---------------+-------+-----
Transmutations | 2 |  2.0
Fighting       | |  1.2
Dodging        | |  1.7
Unarmed Combat | |  2.9
Spellcasting   | |  2.1

Action                   || total
-------------------------++-------
Melee: Unarmed           ||    21
       Kick              ||     4
       Headbutt          ||     2
 Cast: Beastly Appendage ||     9
  Use: Potion            ||     2
Dodge: Dodged            ||    13

Table legend: (Time is in decaauts)
 A = Elapsed time spent in this place.
 B = Non-inter-level travel time spent in this place.
 C = Inter-level travel time spent in this place.
 D = Time resting spent in this place.
 E = Time spent auto-exploring this place.
 F = Levels seen in this place.
 G = Mean time per level.
                   A        B        C        D        E       F      G
               +--------+--------+--------+--------+--------+-----+--------+
         Total |    336 |    336 |      0 |      0 |    272 |   1 |  336.0 |
       Dungeon |    336 |    336 |      0 |      0 |    272 |   1 |  336.0 |
               +--------+--------+--------+--------+--------+-----+--------+

Top non-repeatable levels by time:
     D:1: 336 daAuts
